 Dungeon Crawl Stone Soup version 0.21-a0-632-g1e37ce5 (webtiles) character file.

47 Lanoc the Skirmisher (level 3, -2/33 HPs)
             Began as a Hill Orc Wanderer on Dec 27, 2017.
             Slain by Natasha (4 damage)
             ... on level 2 of the Dungeon.
             The game lasted 00:03:27 (946 turns).

Lanoc the Skirmisher (Hill Orc Wanderer)             Turns: 946, Time: 00:03:29

Health: -2/33      AC:  3    Str: 15    XL:     3   Next: 70%
Magic:  3/3        EV: 11    Int: 12    God:
Gold:   71         SH:  3    Dex: 10    Spells: 2/2 levels left

rFire    . . .     SeeInvis .   a - +2 hand axe
rCold    . . .     Gourm    +   d - +0 buckler
rNeg     . . .     Faith    .   e - +0 robe
rPois    .         Spirit   .   i - +0 helmet
rElec    .         Reflect  .   (no cloak)
rCorr    .         Harm     .   (no gloves)
MR       .....                  (no boots)
Stlth    +.........             g - amulet of the gourmand
HPRegen  0.11/turn              (no ring)
MPRegen  0.08/turn              (no ring)

@: no status effects
A: no striking features
a: no special abilities


You were on level 2 of the Dungeon.
You were not hungry.

You visited 1 branch of the dungeon, and saw 2 of its levels.

You collected 71 gold pieces.

Inventory:

Hand Weapons
 a - a +2 hand axe (weapon)
 b - a +0 hand crossbow
Missiles
 c - 25 bolts
Armour
 d - a +0 buckler (worn)
 e - a +0 robe (worn)
 i - a +0 helmet (worn)
Jewellery
 g - an amulet of the gourmand (around neck)
Scrolls
 h - 4 scrolls of identify {unknown}
 l - a scroll of random uselessness {unknown}
 m - a scroll of teleportation {unknown}
Comestibles
 f - 4 rations


   Skills:
 + Level 4.0 Fighting
 + Level 2.2 Axes
 + Level 1.0 Crossbows
 - Level 1.0 Throwing
 + Level 2.6 Armour
 + Level 1.4 Dodging
 - Level 1.0 Stealth
 - Level 1.4 Shields


You had 2 spell levels left.
You didn't know any spells.

Dungeon Overview and Level Annotations

Branches:
Dungeon (2/15)

Altars:
Dithmenos

Annotations:
D:2 Natasha


Message History

The white imp is heavily wounded.
The white imp gestures at you. The puff of frost hits you!
* * * LOW HITPOINT WARNING * * *
You closely miss the white imp.
The white imp is heavily wounded.
The white imp gestures at you. The puff of frost hits you!
* * * LOW HITPOINT WARNING * * *
The white imp shouts, "Crawl home, thou baffled weather-bitten pustule!"
Natasha growls.
The white imp closely misses you. Natasha closely misses you.
You hit Natasha.
Natasha is moderately wounded.
You barely miss the white imp. The white imp hits you.
* * * LOW HITPOINT WARNING * * *
The white imp freezes you.
* * * LOW HITPOINT WARNING * * *
Natasha claws you.
You die...

#.#.#.# ..
.####.#.#.# #.#
.#........# ..
.#.##.#.### ###
#. .#.##.#...
...
#.##.#.##.###..
.. ###
#..#.#.##.# ....
....:##h#.#.##.#
...
.....g55@.#.##.#
.. .....###.##.#
.# # ... #.##.#
# # #.##.#
#.##.# #..#.#
##(#.# #..(#
##.(#


You could see Natasha, a crimson imp, a white imp and a goblin.

Vanquished Creatures
  An adder (D:2)
  5 dart slugs
  A leopard gecko (D:1)
  5 bats
  2 giant cockroaches
  2 goblins (D:1)
  A hobgoblin (D:2)
  8 kobolds
  3 frilled lizards
28 creatures vanquished.

Notes
Turn   | Place    | Note
-------+----------+-------------------------------------------
     0 | D:1      | Lanoc the Hill Orc Wanderer began the quest for the Orb.
     0 | D:1      | Lanoc set off with: a +2 hand axe, a +0 hand crossbow, 25 bolts, a +0 buckler, a +0 robe, a ration
     0 | D:1      | Reached XP level 1. HP: 19/19 MP: 1/1
   100 | D:1      | Reached XP level 2. HP: 17/27 MP: 2/2
   504 | D:1      | Reached XP level 3. HP: 33/33 MP: 3/3
   796 | D:2      | Found a shadowy altar of Dithmenos.
   850 | D:2      | Reached skill level 4 in Fighting
   918 | D:2      | Reached skill level 1 in Crossbows
   934 | D:2      | Noticed Natasha
   946 | D:2      | Slain by Natasha

Vault maps used:
D:1:      lightli_arrival_statue_moat
D:2:      lemuel_crystal_altar, uniq_natasha

Skill      XL: |  1  2  3 |
---------------+----------+-----
Axes           | 2 |  2.2
Fighting       | 4 |  4.0
Crossbows      | 1 |  1.0
Throwing       | |  1.0
Armour         | |  2.6
Dodging        | |  1.4
Stealth        | |  1.0
Shields        | |  1.4

Action                   || total
-------------------------++-------
Melee: Hand axe          ||    97
  Use: Potion            ||     2
 Stab: Sleeping          ||     4
  Eat: Chunk             ||     2
Armor: Robe              ||    22
Dodge: Dodged            ||    60
Block: Buckler           ||    22

Table legend:
 A = Spawn XP
 B = Non-spawn XP
 C = Spawn XP percentage of total XP
 D = Spawn monster count
 E = Non-spawn monster count
 F = Spawn count percentage of total count
 G = Total turns spent on level
                    A         B        C        D         E        F      G
               +---------+---------+-------+---------+---------+-------+---------
         Total |       0 |      68 |   0.0 |       0 |      28 |   0.0 |   946
               +---------+---------+-------+---------+---------+-------+---------
           D:1 |       0 |      36 |   0.0 |       0 |      16 |   0.0 |   671
           D:2 |       0 |      32 |   0.0 |       0 |      12 |   0.0 |   275
               +---------+---------+-------+---------+---------+-------+---------
